 Dungeon Crawl Stone Soup version 0.31.0-11-ge490571c62 (webtiles) character file.

Game seed: 565238678455251262

125797 ezpacito the Spear-Bearer (level 16, -5/121 (126) HPs)
             Began as a Demonspawn Berserker on Feb 1, 2024.
             Was a High Priest of Trog.
             Engulfed by a ghost crab's spectral mist (10 damage)
             ... on level 4 of the Swamp.
             The game lasted 00:49:38 (24160 turns).

ezpacito the Spear-Bearer (Demonspawn Berserker)   Turns: 24160, Time: 00:49:39

HP:   -5/121 (126)  AC: 20    Str: 29    XL:     16   Next: 42%
MP:   25/25         EV: 16    Int:  9    God:    Trog [*****.]
Gold: 2271          SH:  0    Dex: 17    Spells: 15/15 levels left

rFire   + . .        B - +8 glaive "Zuolaeh" {heavy, rC+ Str+3}
rCold   + . .        (shield currently unavailable)
rNeg    . . .        O - +7 swamp dragon scales
rPois   +            m - +2 hat
rElec   .            v - +0 cloak
rCorr   +            (no gloves)
SInv    .            (boots unavailable)
Will    ++...        c - amulet of reflection
Stlth   ++           y - ring "Duowk" {rF+ MP+9 Str+2}
HPRegen 0.40/turn    V - ring of resist corrosion
MPRegen 0.19/turn

%: reflection
@: confused, mighty, silenced, ambrosia-drunk, studying Axes, lightly drained,
invisible
A: hooves 3, thin skeletal structure 2, powered by pain 2, spiny 2, demonic
willpower
a: Renounce Religion


You were on level 4 of the Swamp.
You worshipped Trog.
Trog was extremely pleased with you.
You visited 4 branches of the dungeon, and saw 25 of its levels.
You also visited: Bailey and Gauntlet.

You collected 3184 gold pieces.
You spent 913 gold pieces at shops.

Inventory:

Hand Weapons
 d - the +4 trident of the Endless March {antimagic, ^Drain rN+ Str+3 Int+6}
   (You found it on level 12 of the Dungeon)

   Str+3:     It affects your strength (+3).
   Int+6:     It affects your intelligence (+6).
   rN+:       It protects you from negative energy.
   ^Drain:    It drains your maximum health when unequipped.
 o - a +3 demon trident of draining
 s - the +9 hand axe of Putrescence {drain, *Corrode rC+ Int+2 Dex+8}
   (You found it on level 3 of the Swamp)

   Int+2:     It affects your intelligence (+2).
   Dex+8:     It affects your dexterity (+8).
   rC+:       It protects you from cold.
   *Corrode:  It may corrode you when you take damage.
 t - a +5 executioner's axe of draining
 w - a +3 demon blade of electrocution
 B - the +8 glaive "Zuolaeh" (weapon) {heavy, rC+ Str+3}
   (Trog gifted it to you on level 3 of the Lair of Beasts)

   Str+3:     It affects your strength (+3).
   rC+:       It protects you from cold.
 D - a +2 glaive of flaming
Missiles
 a - 4 atropa-tipped darts
 f - 18 boomerangs (quivered)
 L - 10 curare-tipped darts
 R - 69 poisoned darts
 S - a throwing net
 X - 5 silver javelins
Armour
 m - a +2 hat (worn)
 v - a +0 cloak (worn)
 G - a +0 helmet
 O - +7 swamp dragon scales (worn)
Jewellery
 c - an amulet of reflection (around neck)
 l - a ring of protection from cold
 u - a ring of willpower
 y - the ring "Duowk" (left hand) {rF+ MP+9 Str+2}
   (You found it on level 9 of the Dungeon)

   [ring of magical power]

   Str+2:     It affects your strength (+2).
   rF+:       It protects you from fire.
   MP+9:      It affects your magic capacity (+9).
 z - an amulet of regeneration
 A - a ring of willpower
 H - the ring of Noruaharch {rPois Int+6}
   (You found it in a Gauntlet)

   [ring of poison resistance]

   Int+6:     It affects your intelligence (+6).
   rPois:     It protects you from poison
 J - an amulet of faith
 N - a ring of positive energy
 V - a ring of resist corrosion (right hand)
 W - a ring of willpower
 Y - an amulet of the acrobat
Talismans
 h - a blade talisman
 p - a serpent talisman
Wands
 e - a wand of roots (11)
 C - a wand of digging (9)
 E - a wand of flame (47)
 Q - a wand of polymorph (4)
 T - a wand of charming (3)
Scrolls
 j - a scroll of revelation
 k - 6 scrolls of teleportation
 n - a scroll of brand weapon
 P - 5 scrolls of identify
Potions
 g - a potion of cancellation
 q - 7 potions of enlightenment
 r - a potion of lignification
 x - 4 potions of mutation
 I - 4 potions of curing
 M - a potion of magic
Miscellaneous
 F - a phial of floods
 Z - a lightning rod (inert)


   Skills:
 * Level 11.5 Fighting
 * Level 6.6 Long Blades
 * Level 11.3(14.6) Axes
 * Level 14.8(16.3) Polearms
 + Level 2.5 Throwing
 * Level 9.8 Armour
 * Level 9.0 Dodging
 - Level 8.6 Stealth
 - Level 1.7 Shields
 * Level 8.6 Unarmed Combat
 + Level 3.6 Evocations


You had 15 spell levels left.
You didn't know any spells.
Your spell library contained the following spells:

 Spells                   Type           Power      Damage    Failure   Level
 Slow                     Hex            0%         N/A       47%         1
 Sting                    Conj/Alch      0%         1d3       47%         1
 Blink                    Tloc           0%         N/A       63%         2
 Cigotuvi's Dreadful Rot  Necr/Alch/Air  0%         N/A       63%         2
 Lesser Beckoning         Tloc           0%         N/A       63%         2
 Mercury Vapours          Alch/Air       0%         N/A       63%         2
 Momentum Strike          Conj/Tloc      0%         3d8       63%         2
 Scorch                   Fire           0%         2d5       63%         2
 Confusing Touch          Hex            0%         N/A       85%         3
 Gell's Gravitas          Tloc           0%         N/A       85%         3
 Sigil of Binding         Hex            0%         N/A       85%         3
 Teleport Other           Tloc           0%         N/A       85%         3
 Vampiric Draining        Necr           0%         2d6       85%         3
 Volatile Blastmotes      Fire/Tloc      0%         2d10      85%         3
 Flame Wave               Conj/Fire      0%         2d4       99%         4
 Fulminant Prism          Conj/Alch      0%         3d5       99%         4
 Ignite Poison            Fire/Alch      0%         N/A       99%         4
 Iskenderun's Mystic Bla  Conj/Tloc      0%         2d3       99%         4
 Olgreb's Toxic Radiance  Alch           0%         N/A       99%         4
 Freezing Cloud           Conj/Ice/Air   0%         6-21      100%        5
 Dispersal                Tloc           0%         N/A       100%        6
 Summon Cactus Giant      Summ           0%         N/A       100%        6


Dungeon Overview and Level Annotations

Branches:
Dungeon (15/15)            Temple (1/1) D:6            Lair (5/5) D:10
  Swamp (4/4) Lair:2       Spider (0/4) Lair:3        Slime (0/5) Lair:4
    Orc (0/2) D:12         Vaults (0/5) D:14         Depths (0/4) D:15
 Bailey (visited)         Gauntlet (visited)

Altars:
Ashenzari
Cheibriados
Dithmenos
Fedhas
Gozag
Hepliaklqana
Kikubaaqudgha
Makhleb
Nemelex Xobeh
Okawaru
Qazlal
Ru
Sif Muna
Trog
Uskayaw
Vehumet
Wu Jian
Xom
Yredelemnul
Jiyva

Shops:
D:3 :   D:5 *   D:11 [

Portals:
Trove: D:10 (give +7 demon blade)

Annotations:
D:11 1 runed translucent door, zenocrate's ghost, journeyman KoDe
Swamp:4 Bai Suzhen


Innate Abilities, Weirdness & Mutations

You have hooves in place of feet.
You have a moderately thin skeletal structure. (Dex +4, Stealth++)
You sometimes gain power by taking damage.
You are mostly covered in sharp spines.
You punish those that try to bend your will. (Will+)


Message History

A profound silence engulfs you.
Bai Suzhen is engulfed in spectral mist.
Bai Suzhen hits you with a +2 heavy quarterstaff!
* * * LOW HITPOINT WARNING * * *
Bai Suzhen tail-slaps you but does no damage.
The spectral spriggan air mage hits you but does no damage.
Your ogre is engulfed in spectral mist.
Your ogre completely misses the spectral spriggan air mage.
The +1 spectral quarterstaff disappears.
The spriggan druid is engulfed in spectral mist.
With its final breath, the spriggan druid offers up its power to the beasts of the wild!
The five-headed hydra is healed.
The swamp dragon seems to grow more fierce.
The five-headed hydra seems to grow more fierce.
The spriggan druid dies!
You block the ghost crab's attack.
The ghost crab claws you but does no damage.
You are confused.
You feel invigorated.
Your ogre looks more healthy.
The spectral spriggan air mage is struck by your spines.
The spectral spriggan air mage barely misses you.
Your ogre is engulfed in spectral mist.
Your ogre closely misses the spectral spriggan air mage.
The five-headed hydra is engulfed in spectral mist.
Bai Suzhen is engulfed in spectral mist.
Bai Suzhen hits you with a +2 heavy quarterstaff.
* * * LOW HITPOINT WARNING * * *
Bai Suzhen tail-slaps you but does no damage.
The ghost crab bites you.
* * * LOW HITPOINT WARNING * * *
You feel drained.
* * * LOW HITPOINT WARNING * * *
The ghost crab barely misses you.
Unknown command.
Unknown command.
Unknown command.
You are more confused.
You feel more invigorated.
You die...

≈≈≈~≈≈~..~♣~≈≈≈..~≈♣
≈≈≈~≈≈~..♣♣○§☼☼§☼○§♣
≈~~~≈≈≈~.♣♣☼°~~☼°~♣♣ §
≈~<.≈≈≈~~♣♣♣§§☼§§°☼♣ .~
≈..^≈≈~.~♣ ♣≈§☼≈§○☼♣ ○☼~
≈≈≈≈≈≈~..♣ ♣♣≈≈~§.≈♣...☼
≈≈≈≈≈≈~.~♣ ♣♣♣§☼☼.§§§♣
~~~≈~..~~♣ ♣♣♣O♣Z☼○♣♣
..§~~.~~.♣ ♣○Z@d☼§~☼♣
~~.~§..♣♣ ♣☼°°tD.☼§○○☼
†~.~~~♣♣♣♣♣♣○☼○~♣°♣☼♣♣.§
~~.~~~...~♣○..~~♣♣☼.°○♣.
...~~~.~~♣♣°○☼~§♣ ○☼~.○§
♣..~~~.~~.♣§○§☼~~ ☼○☼.§D
♣♣♣.~~~<~~§.☼☼§♣. ~~~.~~
♣~..~..°§~~♣§ ~ ○☼○.
♣♣♣♣.....~§~~


You could see Bai Suzhen, a five-headed hydra (strong, unable to see you), a
swamp dragon (wandering, strong, unable to see you), a ghost crab (unsilenced,
unable to see you), a spectral death drake (summoned), a spectral spriggan air
mage (summoned, ally target) and a friendly ogre (summoned, berserk).

Vanquished Creatures
  Jorgrun (D:13)
  Frances (D:12)
  A thorn hunter (Swamp:1)
  A fenstrider witch (Swamp:2)
  Louise (Swamp:1)
  An orc warlord (Bailey)
  An eleionoma (Swamp:3)
  A minotaur (Gauntlet)
  3 bunyips
  Josephine (Lair:5)
  An ettin (D:15)
  A fire dragon (D:15)
  4 ghost crabs
  4 hydras
  Erolcha (D:9)
  A centaur warrior (D:14)
  10 alligators
  A two-headed ogre (D:11)
  5 tengu warriors (D:15)
  A hell knight (D:15)
  A deep troll earth mage (D:14)
  A sixfirhy (Gauntlet)
  Amaemon (D:9)
  A skyshark (Lair:4)
  Nergalle (D:12)
  A fire crab (shapeshifter) (D:15)
  A spriggan druid (Swamp:1)
  2 goliath frogs
  A death drake (Swamp:3)
  Pikel (D:5)
  A swamp dragon (Swamp:1)
  2 bog bodies
  A lightning spire (Gauntlet)
  2 deep elf pyromancers
  An orc knight (D:15)
  2 cyclopes
  4 will-o-the-wisps
  11 ugly things
  A wolf spider (shapeshifter) (D:14)
  3 meliai (D:14)
  2 manticores
  2 black mambas
  27 elephants
  Joseph (D:8)
  5 torpor snails (Lair:5)
  13 cane toads
  A gargoyle (D:12)
  2 rime drakes
  An orange demon (D:9)
  Maggie (D:7)
  6 komodo dragons
  3 kobold demonologists
  3 yaktaurs (D:13)
  5 tengu conjurers
  A freezing wraith (D:15)
  2 trolls
  8 polar bears
  11 tyrant leeches
  Prince Ribbit (Lair:2)
  A raiju (Gauntlet)
  9 hornets
  2 dream sheep (Lair:5)
  22 blink frogs
  5 slime creatures (D:15)
  3 centaur simulacra (Gauntlet)
  20 spriggans
  4 wraiths (Lair:5)
  4 wyverns
  3 shadows
  39 yaks
  2 basilisks
  A water elemental (D:14)
  4 steam dragons
  18 vampire mosquitoes
  9 swamp worms
  2 acid dragons
  15 water moccasins
  A swamp drake (Swamp:1)
  22 orc warriors
  A sky beast (D:6)
  5 ice beasts
  5 black bears
  2 laughing skulls (D:14)
  7 boggarts
  2 ogres (D:5)
  17 wolves (Lair:5)
  14 centaurs
  9 kobold brigands
  15 bullfrogs
  4 necrophages (Lair:3)
  2 gnoll sergeants
  3 scorpions (D:5)
  3 wights (D:9)
  A hornet simulacrum (Gauntlet)
  16 killer bees
  5 howler monkeys
  4 crimson imps (D:8)
  2 bombardier beetles
  7 orc priests
  6 jellies
  Crazy Yiuf (D:5)
  4 hounds
  A gnoll bouda (D:3)
  2 sleepcaps (D:8)
  4 iguanas
  7 hell rats (Lair:4)
  16 orc wizards
  A boggart simulacrum (Gauntlet)
  23 gnolls
  13 adders
  A shadow imp (D:7)
  2 white imps (D:6)
  5 ufetubi
  3 ribbon worms
  2 dart slugs
  45 orcs
  8 endoplasms
  2 giant cockroaches
  19 goblins
  15 hobgoblins
  4 jackals (D:5)
  5 quokkas
  4 ball pythons
  3 frilled lizards
  32 kobolds
  3 rats
716 creatures vanquished.

Vanquished Creatures (collateral kills)
  2 yaktaurs (D:13)
  6 yaks (Lair:5)
  A basilisk (Lair:5)
  A water moccasin (Lair:5)
10 creatures vanquished.

Vanquished Creatures (others)
  A hydra (Swamp:4)
  A spriggan druid (Swamp:4)
  A bloated husk (Swamp:3)
  A wight (D:8)
  An orc (D:8)
  20 foxfires
25 creatures vanquished.

Grand Total: 751 creatures vanquished

Notes
Turn   | Place    | Note
-------+----------+-------------------------------------------
     0 | D:1      | ezpacito the Demonspawn Berserker began the quest for the
                  | Orb.
     0 | D:1      | Reached XP level 1. HP: 18/18 MP: 1/1
   295 | D:1      | Gained mutation: You sometimes gain a little power by
                  | taking damage. [demonic ancestry]
   295 | D:1      | Reached XP level 2. HP: 24/24 MP: 2/2
  1293 | D:1      | Reached XP level 3. HP: 29/29 MP: 3/3
  1549 | D:2      | Reached ** piety under Trog
  1740 | D:2      | Reached skill level 1 in Stealth
  1833 | D:2      | Gained mutation: You have large cloven feet. [demonic
                  | ancestry]
  1833 | D:2      | Reached XP level 4. HP: 35/35 MP: 4/4
  2173 | D:3      | Found Onoda's Book Emporium.
  2198 | D:3      | Found a faded altar of an unknown god.
  2304 | D:3      | Reached skill level 1 in Polearms
  2304 | D:3      | Reached skill level 1 in Unarmed Combat
  2500 | D:3      | Gained mutation: You have a somewhat thin skeletal
                  | structure. (Dex +2, Stealth+) [demonic ancestry]
  2500 | D:3      | Reached XP level 5. HP: 28/41 MP: 2/5
  3160 | D:4      | Noticed an ice beast
  3168 | D:4      | Killed an ice beast
  3169 | D:4      | Reached skill level 2 in Polearms
  3169 | D:4      | Gained mutation: You are partially covered in sharp spines.
                  | [demonic ancestry]
  3169 | D:4      | Reached XP level 6. HP: 45/48 MP: 3/6
  3275 | D:4      | Reached *** piety under Trog
  3397 | D:4      | Found a basalt altar of Yredelemnul.
  3776 | D:4      | Found a sparkling altar of Nemelex Xobeh.
  3803 | D:5      | Entered Level 5 of the Dungeon
  3925 | D:5      | Gained mutation: You are mostly covered in sharp spines.
                  | [demonic ancestry]
  3925 | D:5      | Reached XP level 7. HP: 54/54 MP: 7/7
  3933 | D:5      | Reached skill level 3 in Polearms
  4033 | D:5      | Noticed Pikel
  4045 | D:5      | Killed Pikel
  4046 | D:5      | Gained mutation: You sometimes gain power by taking damage.
                  | [demonic ancestry]
  4046 | D:5      | Reached XP level 8. HP: 59/61 MP: 8/8
  4054 | D:5      | Found Jamp's Fire Supplies.
  4063 | D:5      | Bought a scroll of immolation for 52 gold pieces
  4134 | D:5      | Reached skill level 4 in Polearms
  4276 | D:5      | Found a runed translucent door.
  4277 | D:5      | Noticed Crazy Yiuf
  4688 | D:5      | Killed Crazy Yiuf
  4689 | D:5      | Reached skill level 5 in Fighting
  4861 | D:6      | Reached skill level 5 in Armour
  4861 | D:6      | Reached XP level 9. HP: 68/68 MP: 9/9
  4863 | D:6      | Found a staircase to the Ecumenical Temple.
  4886 | Temple   | Entered the Ecumenical Temple
  4981 | D:6      | Reached **** piety under Trog
  4982 | D:6      | Reached skill level 5 in Polearms
  5399 | D:7      | Noticed Maggie
  5455 | D:7      | Killed Maggie
  5508 | D:7      | Reached skill level 5 in Axes
  5838 | D:7      | Reached skill level 6 in Polearms
  5982 | D:8      | Identified a scroll of acquirement
  5982 | D:8      | Acquired 1021 gold pieces
  5995 | D:8      | Found a flagged portal.
  6052 | D:8      | Found a broken altar of Ashenzari.
  6124 | D:8      | Gained mutation: You have a moderately thin skeletal
                  | structure. (Dex +4, Stealth++) [demonic ancestry]
  6124 | D:8      | Reached XP level 10. HP: 76/76 MP: 10/10
  6144 | D:8      | Noticed Joseph
  6156 | D:8      | Killed Joseph
  6198 | Bailey   | Entered a bailey
  6273 | Bailey   | Reached ***** piety under Trog
  6276 | Bailey   | Reached skill level 7 in Polearms
  6311 | Bailey   | Reached skill level 5 in Dodging
  6362 | Bailey   | Reached skill level 5 in Stealth
  6439 | Bailey   | Noticed an orc warlord
  6443 | Bailey   | Reached skill level 1 in Throwing
  6443 | Bailey   | Reached skill level 5 in Unarmed Combat
  6443 | Bailey   | Gained mutation: You have hoof-like feet. [demonic
                  | ancestry]
  6443 | Bailey   | Reached XP level 11. HP: 84/84 MP: 11/11
  6459 | Bailey   | Killed an orc warlord
  6460 | Bailey   | Reached skill level 8 in Polearms
  6492 | Bailey   | Found the +8 autumn katana {manifold assault}
  6533 | Bailey   | Gained mutation: You have hooves in place of feet. [demonic
                  | ancestry]
  6533 | Bailey   | Reached XP level 12. HP: 94/94 MP: 12/12
  6678 | D:8      | Found a shadowy altar of Dithmenos.
  6794 | D:8      | Found a shimmering altar of Xom.
  7281 | D:8      | Acquired a manual of Axes
  7357 | D:9      | Found a blossoming altar of Fedhas.
  7358 | D:9      | Noticed Amaemon
  7425 | D:9      | Killed Amaemon
  7426 | D:9      | Reached skill level 1 in Long Blades
  7426 | D:9      | Reached skill level 9 in Polearms
  7583 | D:9      | Noticed Erolcha
  7588 | D:9      | Found a radiant altar of Vehumet.
  7596 | D:9      | Received a gift from Trog
  7685 | D:9      | Killed Erolcha
  7754 | D:9      | Reached XP level 13. HP: 99/99 MP: 13/13
  7777 | D:9      | Identified the ring "Duowk" {rF+ MP+9 Str+2}
  7868 | D:10     | Entered Level 10 of the Dungeon
  7880 | D:10     | Found a hazy altar of Hepliaklqana.
  7892 | D:10     | Found a staircase to the Lair.
  7979 | D:10     | Found Niuthrurha's Magic Scroll Emporium.
  7985 | D:10     | Bought a scroll of enchant armour for 105 gold pieces
  7985 | D:10     | Bought a scroll of enchant weapon for 105 gold pieces
  7985 | D:10     | Bought a scroll of enchant weapon for 105 gold pieces
  7985 | D:10     | Bought a scroll of enchant armour for 105 gold pieces
  7985 | D:10     | Bought a scroll of teleportation for 42 gold pieces
  7985 | D:10     | Bought a scroll of enchant armour for 105 gold pieces
  7985 | D:10     | Bought a scroll of identify for 28 gold pieces
  7985 | D:10     | Bought a scroll of enchant armour for 105 gold pieces
  7985 | D:10     | Bought a scroll of revelation for 105 gold pieces
  7985 | D:10     | Bought a scroll of poison for 56 gold pieces
  8144 | D:10     | Found an ornate altar of the Wu Jian Council.
  8354 | D:10     | Found a portal to a secret trove of treasure.
  8566 | Lair:1   | Entered Level 1 of the Lair of Beasts
  8608 | Lair:1   | Found a gate leading to a gauntlet.
  8653 | Gauntlet | Entered a Gauntlet
  8653 | Gauntlet | Found a transporter.
  8653 | Gauntlet | Found a transporter.
  8671 | Gauntlet | Found a transporter.
  8688 | Gauntlet | Found a transporter.
  8689 | Gauntlet | Found a transporter.
  8696 | Gauntlet | Found a runed translucent door.
  8699 | Gauntlet | Found a transporter.
  8701 | Gauntlet | Found a transporter.
  8709 | Gauntlet | Found a transporter.
  8724 | Gauntlet | Found a runed translucent door.
  8725 | Gauntlet | Found a transporter.
  8726 | Gauntlet | Found a runed translucent door.
  8739 | Gauntlet | Found a transporter.
  8743 | Gauntlet | Found a transporter.
  8751 | Gauntlet | Found a transporter.
  8842 | Gauntlet | Reached skill level 10 in Polearms
  9033 | Gauntlet | Identified the ring of Noruaharch {rPois Int+6}
  9036 | Gauntlet | Identified the +5 battleaxe of True Grit {venom, Str+2}
  9054 | Gauntlet | Noticed a minotaur
  9064 | Gauntlet | Killed a minotaur
  9511 | Lair:1   | Reached skill level 1 in Shields
 10355 | Lair:2   | Found a staircase to the Swamp.
 10393 | Lair:2   | Noticed Prince Ribbit
 10404 | Lair:2   | Killed Prince Ribbit
 10458 | Lair:2   | Identified the +0 robe "Faxar" {rElec rCorr Slay+2}
 11085 | Lair:2   | Reached skill level 11 in Polearms
 11611 | Lair:3   | Reached XP level 14. HP: 108/108 MP: 14/14
 11817 | Lair:3   | Identified the +8 glaive "Zuolaeh" {heavy, rC+ Str+3} (Trog
                  | gifted it to you on level 3 of the Lair of Beasts)
 11817 | Lair:3   | Received a gift from Trog
 12080 | Lair:3   | Found a hole to the Spider Nest.
 12915 | Lair:4   | Found a viscous altar of Jiyva.
 12931 | Lair:4   | Found a staircase to the Slime Pits.
 13292 | Lair:4   | Reached skill level 12 in Polearms
 13483 | Lair:5   | Entered Level 5 of the Lair of Beasts
 13595 | Lair:5   | Noticed Josephine
 13599 | Lair:5   | Killed Josephine
 13898 | Lair:5   | Reached skill level 10 in Fighting
 14245 | Lair:5   | Received a gift from Trog
 14246 | Lair:5   | Reached skill level 5 in Long Blades
 14385 | Lair:5   | Found a snail-covered altar of Cheibriados.
 14784 | Lair:5   | Reached XP level 15. HP: 115/115 MP: 15/15
 15632 | D:11     | Found a runed translucent door.
 15677 | D:11     | Noticed zenocrate's ghost (journeyman KoDe)
 15681 | D:11     | Identified the +7 falchion "Noytolok" {freeze, ^Contam
                  | rElec rPois}
 15767 | D:11     | Found Zuss's Antique Armour Boutique.
 16164 | D:12     | Found a staircase to the Orcish Mines.
 16170 | D:12     | Reached skill level 13 in Polearms
 16255 | D:12     | Noticed Nergalle
 16261 | D:12     | Killed Nergalle
 16349 | D:12     | Identified the +4 trident of the Endless March {antimagic,
                  | ^Drain rN+ Str+3 Int+6}
 16631 | D:12     | Noticed Frances
 16643 | D:12     | Killed Frances
 17003 | D:13     | Noticed Jorgrun
 17009 | D:13     | Killed Jorgrun
 17264 | D:13     | Identified the serpent talisman "Ewoiges" {rElec}
 17662 | D:14     | Reached skill level 10 in Axes
 17754 | D:14     | Received a gift from Trog
 18229 | D:14     | Found a gate to the Vaults.
 18420 | D:15     | Entered Level 15 of the Dungeon
 18864 | D:15     | Found a staircase to the Depths.
 19082 | D:15     | Reached skill level 14 in Polearms
 19839 | D:15     | Found a shimmering blue altar of Sif Muna.
 20412 | Swamp:1  | Entered Level 1 of the Swamp
 20904 | Swamp:1  | Noticed a thorn hunter
 20909 | Swamp:1  | Received a gift from Trog
 20916 | Swamp:1  | Killed a thorn hunter
 21820 | Swamp:1  | Gained mutation: You punish those that try to bend your
                  | will. (Will+) [demonic ancestry]
 21820 | Swamp:1  | Reached XP level 16. HP: 108/122 MP: 16/16
 21823 | Swamp:1  | Noticed Louise
 21830 | Swamp:1  | Killed Louise
 23744 | Swamp:3  | Identified the +9 hand axe of Putrescence {drain, *Corrode
                  | rC+ Int+2 Dex+8}
 23997 | Swamp:4  | Entered Level 4 of the Swamp
 24151 | Swamp:4  | Noticed Bai Suzhen
 24158 | Swamp:4  | HP: 5/121 [Bai Suzhen/+2 heavy quarterstaff (12)]
 24160 | Swamp:4  | Engulfed by a ghost crab's spectral mist

Illustrated notes

Levels and vault maps discovered:
D:1:      wheals_arrival_linesprint, layout_basic, serial_co_window_serial,
          co_window_paths_a, co_window_paths_a, co_window_paths_a,
          co_window_of_opportunity_a, co_window_paths_b,
          co_window_of_opportunity_a, co_window_paths_a,
          co_window_of_opportunity_a, co_window_of_opportunity_a,
          co_window_paths_c, co_window_corner_b, co_window_broadway_b,
          co_window_of_opportunity_b, co_window_of_opportunity_b,
          co_window_cross_3, co_window_paths_e, glass_columns_a,
          glass_columns_a, hangedman_decor_peaks_small, kennysheep_small_spiral
D:2:      layout_basic, minmay_parallelograms
D:3:      layout_loops_ring, elyvilon_altar_5, serial_shops,
          nicolae_shop_crystal, dreamdust_ecumenical_altar_statues
D:4:      layout_loops_ring, old_standard_altar, nemelex_dance_club_becter
D:5:      minmay_spotlight, layout_loops_cross, nicolae_shop_fire_sale
          [nicolae_sub_dead_trees], corexii_leaking_fountain, eino_tiny_chamber,
          uniq_pikel, uniq_crazy_yiuf_cottage
D:6:      layout_basic, minmay_temple_entry_waves
D:7:      layout_rooms, uniq_maggie
D:8:      layout_loops_ring, nicolae_overflow_crystal_walls, led_xom_imps,
          kennysheep_mini, nicolae_dithmenos_shadow_blocks, enter_bailey_8,
          kennysheep_kite_vault, uniq_joseph
D:9:      layout_rooms, mainiacjoe_overflow_catwalk, fedhas_ov_isle_minmay,
          onia_ninara_dug_in_and_dangerous, uniq_erolcha, uniq_amaemon
D:10:     layout_roguey, nicolae_hepliaklqana_hazy_memory,
          nzn_wu_jian_contemplation, due_lair_maze_entry_diamond, serial_shops,
          nicolae_diamond_shop, nicolae_trove_entry_columns
D:11:     layout_loops_ring, hellmonk_ghost_big_iron, serial_shops, shop
D:12:     layout_irregular_city, uniq_nergalle, uniq_frances
D:13:     layout_gridville, uniq_jorgrun
D:14:     layout_cave_pools, hellmonk_vaults_attempted_burglary,
          nicolae_water_bricks
D:15:     hangedman_depths_entry_civil_slaughter, layout_layer_cave,
          kennysheep_orc_sif_temple
Temple:   jpeg_temple_clearing
Lair:1:   layout_regular_city, gauntlet_entry_generic, basic_altar
Lair:2:   layout_regular_city, swamp_mist, uniq_prince_ribbit2
Lair:3:   layout_chaotic_city, dummy_spider_entry, roderic_carrion_pond
Lair:4:   layout_roguey, nicolae_slime_entry_field_trip, serial_bayou_crossing
Lair:5:   minmay_lair_end_enchanted_forest, layout_big_grid,
          kennysheep_snail_temple, grunt_megastairs_4, uniq_josephine
Swamp:1:  layout_basic_swamp, evilmike_swamp_ruin_house_5, uniq_louise
Swamp:2:  layout_basic_swamp, infiniplex_staircase_pool,
          nicolae_swamp_tree_isthmus
Swamp:3:  layout_basic_swamp, serial_swamp_ruin, evilmike_swamp_ruin_house_6,
          evilmike_swamp_ruin_house_3
Swamp:4:  swamp_alternative, layout_basic_swamp,
          nicolae_swamp_decorative_isthmus, infiniplex_staircase_pool_2,
          uniq_nikola, uniq_bai_suzhen

Skill      XL: |  1  2  3  4  5  6  7  8  9 10 11 12 13 14 15 16 |
---------------+-------------------------------------------------+-----
Axes           | 3 4 5 6 7 8 9 10 11 | 11.3
Dodging        | 2 3 4 5 6 7 8 9 |  9.0
Armour         | 2 3 4 5 6 7 8 9 |  9.8
Stealth        | 1 2 3 4 5 6 7 8 |  8.6
Polearms       | 1 2 3 4 6 7 8 9 11 12 14 | 14.8
Unarmed Combat | 1 2 3 5 6 7 8 |  8.6
Fighting       | 4 5 6 7 8 9 10 11 | 11.5
Throwing       | 1 2 |  2.5
Evocations     | 2 3 |  3.6
Long Blades    | 1 3 5 6 |  6.6
Shields        | 1 |  1.7

Action                     |  1- 3 |  4- 6 |  7- 9 | 10-12 | 13-15 | 16-18 || total
---------------------------+-------+-------+-------+-------+-------+-------++-------
  Melee: Hand axe          |    49 |       |       |       |       |       ||    49
         Punch             |     2 |     1 |     1 |     3 |    14 |       ||    21
         Demon trident     |    48 |   118 |   198 |   216 |   360 |       ||   940
         Kick              |       |    18 |    39 |    48 |   239 |    34 ||   378
         Glaive            |       |       |       |       |   545 |   137 ||   682
 Invoke: Berserk           |     1 |     1 |     5 |     3 |    21 |     2 ||    33
         Trog's Hand       |       |       |       |       |     6 |     1 ||     7
         Brothers in Arms  |       |       |       |       |     2 |     2 ||     4
  Evoke: Wand              |       |       |       |     3 |       |       ||     3
         Lightning rod     |       |       |       |       |     7 |     4 ||    11
         Phial of floods   |       |       |       |       |     1 |       ||     1
    Use: Potion            |       |     4 |       |     6 |    11 |     7 ||    28
         Scroll            |       |     5 |    12 |    10 |    20 |     3 ||    50
   Stab: Sleeping          |       |     1 |     1 |    10 |    48 |     6 ||    66
         Invisible         |       |       |       |     4 |     1 |     1 ||     6
         Distracted        |       |       |       |       |     4 |     1 ||     5
 Armour: Animal skin       |    10 |       |       |       |       |       ||    10
         Ring mail         |    50 |    16 |       |       |       |       ||    66
         Scale mail        |       |    14 |       |       |       |       ||    14
         Chain mail        |       |    28 |    83 |       |       |       ||   111
         Swamp dragon scal |       |       |    36 |   109 |   677 |   187 ||  1009
  Dodge: Dodged            |    45 |    41 |    71 |   125 |   606 |   110 ||   998
  Block: Other             |       |       |       |       |   165 |    33 ||   198
         Reflection        |       |       |       |       |     7 |       ||     7
